 Dungeon Crawl Stone Soup version 0.31-a0-977-gc230f8ef24 (webtiles) character file.

Game seed: 11513405480107707018

270 Gladio the Chopper (level 6, -8/57 HPs)
             Began as a Naga Fighter on Oct 29, 2023.
             Mangled by an ogre
             ... wielding a +0 giant spiked club
              (29 damage)
             ... on level 4 of the Dungeon.
             The game lasted 00:05:25 (2610 turns).

Gladio the Chopper (Naga Fighter)                   Turns: 2610, Time: 00:05:25

Health: -8/57      AC:  8    Str: 20    XL:     6   Next: 22%
Magic:  6/6        EV:  5    Int:  8    God:
Gold:   74         SH:  4    Dex: 11    Spells: 5/5 levels left

rFire   + . .        a - +0 war axe
rCold   . . .        c - +0 buckler
rNeg    . . .        m - +0 chain mail
rPois   +            p - +0 helmet
rElec   .            (no cloak)
rCorr   .            (no gloves)
SInv    +            (no barding)
Will    .....        (no amulet) Stlth
                     i - ring of protection from fire
HPRegen 0.29/turn    (no ring)
MPRegen 0.10/turn

%: no passive effects
@: mighty, very slow
A: AC +2, large, see invisible, deformed body, poison resistance, slowness 2,
spit poison 1, naga tail 1
a: Spit Poison


You were on level 4 of the Dungeon.
You visited 2 branches of the dungeon, and saw 5 of its levels.

You collected 74 gold pieces.

Inventory:

Hand Weapons
 a - a +0 war axe (weapon)
 o - the +6 sling "Hiamoy" {freeze, rElec Str-4 Int+8}
   (You found it on level 3 of the Dungeon)

   Str-4:     It affects your strength (-4).
   Int+8:     It affects your intelligence (+8).
   rElec:     It insulates you from electricity.
Armour
 b - a +0 scale mail
 c - a +0 buckler (worn)
 m - a +0 chain mail (worn)
 p - a +0 helmet (worn)
Jewellery
 i - a ring of protection from fire (left hand)
 l - a ring of wizardry
Scrolls
 f - 2 scrolls of immolation
 g - a scroll of silence
 h - a scroll of revelation {unknown}
 q - a scroll of teleportation {unknown}
 r - a scroll of torment {unknown}
 t - a scroll of enchant armour {unknown}
Potions
 d - a potion of might
 k - a potion of cancellation {unknown}
 n - a potion of curing
 s - a potion of mutation {unknown}
 u - a potion of heal wounds {unknown}


   Skills:
 + Level 4.0 Fighting
 * Level 4.3 Axes
 + Level 3.3 Armour
 + Level 3.5 Shields


You had 5 spell levels left.
You didn't know any spells.
Your spell library contained the following spells:

 Spells                   Type           Power      Damage    Failure   Level
 Shock                    Conj/Air       0%         1d3       99%         1
 Swiftness                Air            0%         N/A       100%        3
 Airstrike                Air            0%         2d(0-16)  100%        4


Dungeon Overview and Level Annotations

Branches:
Dungeon (4/15)             Temple (1/1) D:4

Altars:
Ashenzari
Dithmenos
Elyvilon
Fedhas
Hepliaklqana
Makhleb
Nemelex Xobeh
Okawaru
Ru
Trog
Wu Jian
Xom
Yredelemnul
Zin

Shops:
D:2 *


Innate Abilities, Weirdness & Mutations

Your serpentine skin is tough. (AC +2)
You have supernaturally acute eyesight. (SInv)
Armour fits poorly on your strangely shaped body.
Your system is resistant to poisons. (rPois)
You cover ground very slowly.
You can spit poison.
You have a snake-like lower body.


Message History

Found a dagger.
You see here a +0 mace.
Key pressed, stopping explore.
An ogre comes into view. It is wielding a +0 giant spiked club.
An ogre is nearby!
Found 6 stones.
The splash of poison hits the ogre.
The ogre is poisoned.
The ogre is lightly wounded.
The ogre hits you with a +0 giant spiked club!!
You barely miss the ogre.
The ogre is lightly wounded.
The ogre hits you with a +0 giant spiked club!!
* * * LOW HITPOINT WARNING * * *
You are too injured to fight recklessly!
Unknown command.
Blink to where?
Press: ? - help, Q - select action, (/) - cycle Dir - move target, p - ogre
As you read the scroll of blinking, it crumbles to dust.
You have got your breath back.
An ogre is nearby!
You are too injured to fight recklessly!
Unknown command.
Unknown command.
Unknown command.
Unknown command.
You are too injured to fight recklessly!
Aiming: Spit Poison (1% risk of failure)
Press: ? - help, Q - select action Shift-Dir - straight line, f - ogre
Aim: an ogre, wielding a +0 giant spiked club (lightly wounded, 81% to hit)
The splash of poison hits the ogre.
The ogre is poisoned.
The ogre is heavily wounded.
You feel better.
You feel very mighty all of a sudden.
Unknown command.
You slash the ogre!
The ogre is almost dead.
You have got your breath back.
The ogre hits you with a +0 giant spiked club!!
Ouch! That really hurt!
You die...

........#....##.###.....##......
#.............##..............
###............##.....##..ยง...
##...##..#....###....###.##O..
#........####...#...###... ...
##........##........# #.......
#...........##.......##........
##.............O...............
###..........@............#... .
#...................... ##. .
#.#.....................
.###.#.....................
##.........................
.....##...................
.....###................. ....##
##...###.......... .[...###...##
##.........


You could see an ogre (poisoned).

Vanquished Creatures
  2 orc priests (D:3)
  Jessica (D:3)
  2 orc wizards
  A sleepcap (D:4)
  2 adders
  2 worms
  A dart slug (D:1)
  12 orcs
  3 ball pythons (D:2)
  6 endoplasms
  4 giant cockroaches
  3 goblins
  13 hobgoblins
  3 quokkas
  4 bats (D:2)
  6 frilled lizards
  4 kobolds
  6 rats
75 creatures vanquished.

Vanquished Creatures (others)
  A goblin (D:3)
1 creature vanquished.

Grand Total: 76 creatures vanquished

Notes
Turn   | Place    | Note
-------+----------+-------------------------------------------
     0 | D:1      | Gladio the Naga Fighter began the quest for the Orb.
     0 | D:1      | Reached XP level 1. HP: 21/21 MP: 1/1
   223 | D:1      | Reached XP level 2. HP: 28/28 MP: 2/2
   859 | D:2      | Reached XP level 3. HP: 31/34 MP: 3/3
  1333 | D:2      | Found Xoneorec's Assorted Antiques.
  1398 | D:2      | Found a faded altar of an unknown god.
  1537 | D:2      | Reached XP level 4. HP: 42/42 MP: 4/4
  1630 | D:3      | Identified the +6 sling "Hiamoy" {freeze, rElec Str-4
                  | Int+8}
  1655 | D:3      | Noticed Jessica
  1658 | D:3      | Killed Jessica
  1659 | D:3      | Reached XP level 5. HP: 49/49 MP: 5/5
  1893 | D:3      | Found a bloodstained altar of Trog.
  2206 | D:4      | Found a staircase to the Ecumenical Temple.
  2408 | D:4      | Reached XP level 6. HP: 53/57 MP: 6/6
  2416 | Temple   | Entered the Ecumenical Temple
  2610 | D:4      | Mangled by an ogre

Illustrated notes

Levels and vault maps discovered:
D:1:      dpeg_arrival_shrine, layout_loops_corners, grunt_decor_cap
D:2:      layout_rooms, shapermc_ecumenical_altar_hornbeckon, serial_shops,
          nicolae_shop_crystal
D:3:      layout_rooms, trog_hazing_becter, chequers_serial_rivers_small_a,
          uniq_jessica
D:4:      layout_cave_pools, mainiacjoe_overflow_paths,
          minmay_temple_entry_mini_moons, dk_rats_in_the_wall
Temple:   nicolae_temple_bog_church

Skill      XL: |  1  2  3  4  5  6 |
---------------+-------------------+-----
Shields        | 3 |  3.5
Axes           | 3 4 |  4.3
Armour         | 3 |  3.3
Fighting       | 4 |  4.0

Action                     |  1- 3 |  4- 6 || total
---------------------------+-------+-------++-------
  Melee: War axe           |    79 |    85 ||   164
   Fire: Sling             |       |    10 ||    10
Ability: Spit Poison       |    21 |    12 ||    33
    Use: Scroll            |       |     5 ||     5
         Potion            |       |     2 ||     2
 Armour: Scale mail        |    41 |       ||    41
         Chain mail        |    33 |    94 ||   127
  Dodge: Dodged            |    31 |    24 ||    55
  Block: Buckler           |    21 |    20 ||    41

Table legend: (Time is in decaauts)
 A = Elapsed time spent in this place.
 B = Non-inter-level travel time spent in this place.
 C = Inter-level travel time spent in this place.
 D = Time resting spent in this place.
 E = Time spent auto-exploring this place.
 F = Levels seen in this place.
 G = Mean time per level.
                   A        B        C        D        E       F      G
               +--------+--------+--------+--------+--------+-----+--------+
         Total |   3409 |   3171 |    238 |     34 |   2546 |   5 |  681.8 |
       Dungeon |   3331 |   3169 |    162 |     34 |   2546 |   4 |  832.8 |
        Temple |     77 |      2 |     75 |      0 |      0 |   1 |   77.0 |
               +--------+--------+--------+--------+--------+-----+--------+

Top non-repeatable levels by time:
     D:1: 1171 daAuts
     D:3: 982 daAuts
     D:2: 964 daAuts
     D:4: 214 daAuts
  Temple: 77 daAuts
